[Event "*** Titled Tuesday Blitz"]
[Site "Chess.com"]
[Date "2020.11.24"]
[Round "6"]
[White "kakorrhaphiophobie"]
[Black "Oglob71"]
[Result "0-1"]
[WhiteElo "2316"]
[BlackElo "2396"]
[TimeControl "180+1"]
[EndTime "11:22:13 PST"]
[Termination "Oglob71 won by resignation"]

1. e4 c5 2. d4 cxd4 3. c3 Nf6 4. e5 Nd5 5. Nf3 e6 6. cxd4 d6 7. Nc3 Nxc3 8. bxc3 Qc7 9. Bd2 Nd7 10. Bd3 dxe5 11. O-O g6 12. Ng5 Bg7 13. dxe5 Nxe5 14. Bb5+ Bd7 15.
Bxd7+ Qxd7 16. Qe2 Qd3 17. Qxd3 Nxd3 18. Rab1 b6 19. Ne4 O-O 20. Bg5 f6 21. Be3 Rfd8 22. a4 e5 23. g4 Rac8 24. h4 f5 25. gxf5 gxf5 26. Ng5 f4 27. Bd2 Bf6 28. a5 Bxg5 29.
hxg5 Rc6 30. axb6 axb6 31. Rb5 Nc5 32. Be1 Rdd6 33. f3 Rg6 34. Bh4 Kf7 35. Kf2 Ke7 36. Ke2 Kd7 37. Ra1 Rc7 38. Ra8 Kc6 39. Rb4 Rd6 40.
Rf8 Re7 41. Rb1 Kd5 42. Rd1+ Kc6 43. Ra1 e4 44. Rf6 exf3+ 45. Kxf3 Nd3 46. Rxd6+ Kxd6 47. Rd1 Re3+ 48. Kg4 Ke5 49. Kh5 Rh3 50. Kg4 Re3 51. Kh5 Ke4 52. Rh1 Kf3 53. Kh6 Kg2 54. Ra1 Rh3 55. Kh5 f3 56. Ra4 f2 57. Rg4+ Kh2 58.
g6 hxg6+ 59. Kg5 f1=Q 0-1

[Event "*** Titled Tuesday Blitz"]
[Site "Chess.com"]
[Date "2020.11.24"]
[Round "6"]
[White "HrvojeZagreb"]
[Black "sorrm8thatscheckm8"]
[Result "0-1"]
[WhiteElo "2264"]
[BlackElo "2494"]
[TimeControl "180+1"]
[EndTime "11:22:14 PST"]
[Termination "sorrm8thatscheckm8 won by resignation"]

1. d4 Nf6 2. Bf4 g6 3. Nc3 d5 4. e3 Bg7 5. h4 c6 6. Qd2 h5 7.
O-O-O b5 8. f3 Nbd7 9. e4 Nb6 10. e5 Nh7 11. Bh6 Bxh6 12. Qxh6 Be6 13. Nxb5 cxb5 14. Bxb5+ Bd7 15. Qg7 Bxb5 16. Qxh8+ Nf8 17. e6 fxe6 18. Nh3 Rc8 19. Ng5 Qd6 20. Rhe1 Kd7 21. Nf7 Qf4+ 22. Kb1 Qxf7 23. Qe5 Qf6 24. Qg3 Nc4 25. Rd3 Nd6 26. Rd2 Qf5 27. b3 a5 28. Re5 Qf6 29. Qe1 a4 30. g4 hxg4 31. fxg4 axb3 32. axb3 Ne4 33. Rh2 Qf4 34. Rg2 Nc3+ 35. Kb2 Qxd4 36. Kc1 Ra8 37.
Kb2 Ra2+ 38. Kc1 Ra1+ 0-1

[Event "*** Titled Tuesday Blitz"]
[Site "Chess.com"]
[Date "2020.11.24"]
[Round "6"]
[White "JoliyRoger"]
[Black "annacramling"]
[Result "1-0"]
[WhiteElo "2369"]
[BlackElo "2075"]
[TimeControl "180+1"]
[EndTime "11:22:14 PST"]
[Termination "JoliyRoger won on time"]

1. Nf3 d5 2. d4 Nf6 3. c4 e6 4.
cxd5 exd5 5. Nc3 c6 6. Bg5 Be7 7. Bxf6 Bxf6 8. e3 O-O 9. Bd3 g6 10. h3 Bg7 11. O-O Nd7 12. b4 a6 13. a4 Qb6 14. b5 axb5 15. axb5 Rxa1 16. Qxa1 Nf6 17.
bxc6 bxc6 18. Rb1 Qc7 19. Rc1 Bb7 20. Qa2 Qe7 21. Na4 Ra8 22. Qc2 Ne4 23. Bxe4 dxe4 24. Nd2 c5 25. Nxc5 Bd5 26. Ncxe4 h6 27. Nc3 Bc6 28.
d5 Bd7 29. e4 Qg5 30. Nf3 Qf4 31. Ne2 Qd6 32. Qd2 Rb8 33. Qf4 Rb3 34. Qxd6 1-0

[Event "*** Titled Tuesday Blitz"]
[Site "Chess.com"]
[Date "2020.11.24"]
[Round "6"]
[White "Chuchofrio1"]
[Black "dpopadic"]
[Result "0-1"]
[WhiteElo "2384"]
[BlackElo "2337"]
[TimeControl "180+1"]
[EndTime "11:22:14 PST"]
[Termination "dpopadic won by checkmate"]

1. d4 Nf6 2. c4 g6 3. Nc3 Bg7 4.
e4 d6 5. f4 O-O 6. Nf3 c5 7.
dxc5 Qa5 8. Bd3 Qxc5 9. Qe2 Bg4 10.
Be3 Qa5 11. O-O-O Nc6 12. Qf2 Bxf3 13. gxf3 Rac8 14. Kb1 Nd7 15. Bd2 Nc5 16. Bc2 Nb4 17.
h4 Nxc2 18. Kxc2 b5 19. Nxb5 Qxa2 20. Bc3 Qxc4 21. Qf1 Qb3+ 22. Kb1 Na4 23. Bxg7 Kxg7 24. Rd2 Rb8 25. Nd4 Nc3+ 26. Kc1 Qa2 27. Rc2 Na4 28.
Qg2 Nxb2 29. Nf5+ Kh8 30. h5 gxf5 31. Rh2 Nd3+ 32. Kd2 Qxc2+ 33. Kxc2 Ne1+ 34. Kc3 Nxg2 35. Rxg2 fxe4 36. fxe4 h6 37. Rd2 Rfc8+ 38. Kd4 Rb4+ 39. Kd5 Rc5# 0-1

[Event "*** Titled Tuesday Blitz"]
[Site "Chess.com"]
[Date "2020.11.24"]
[Round "6"]
[White "redbaron8888"]
[Black "anon481216"]
[Result "0-1"]
[WhiteElo "2520"]
[BlackElo "2410"]
[TimeControl "180+1"]
[EndTime "11:22:16 PST"]
[Termination "anon481216 won by resignation"]

1. e4 c5 2. Nf3 Nf6 3. e5 Nd5 4. Nc3 Nxc3 5. bxc3 Nc6 6. d4 cxd4 7. cxd4 d5 8. c4 Bg4 9. Rb1 Rb8 10. Be2 e6 11. O-O Be7 12. cxd5 Qxd5 13. Be3 O-O 14. Qa4 Rfd8 15.
Rb5 Qd7 16. Rfb1 b6 17. h3 Bxf3 18. Bxf3 Nxd4 19. Bxd4 Qxd4 20. Qxa7 Bc5 21. R5b2 Qxe5 22. a4 b5 23. Qa6 b4 24. a5 g6 25. Qc6 Rd6 26.
Qa4 Ra6 27. Rc2 Kg7 28. Re2 Qd4 29. Rd1 Rxa5 30. Qc2 Qc3 31. Qb1 b3 32. Rc1 Qf6 33.
Re4 b2 34. Rce1 Ra1 35. Qd3 b1=Q 36. Rxb1 Raxb1+ 37. Kh2 Qa1 38. Kg3 Qf6 39. h4 h5 40.
Kh2 R1b4 41. Re2 Qxh4+ 42. Kg1 Rb1+ 0-1

[Event "*** Titled Tuesday Blitz"]
[Site "Chess.com"]
[Date "2020.11.24"]
[Round "6"]
[White "zocpoc71"]
[Black "Margarita2907"]
[Result "1-0"]
[WhiteElo "2488"]
[BlackElo "2234"]
[TimeControl "180+1"]
[EndTime "11:22:16 PST"]
[Termination "zocpoc71 won by resignation"]

1. e4 c5 2. Nf3 d6 3. Bb5+ Nd7 4. c4 g6 5. Nc3 Bg7 6. d3 e6 7. O-O Ne7 8. Bg5 a6 9. Bxd7+ Bxd7 10. Qd2 O-O 11. Bh6 b5 12. Bxg7 Kxg7 13. b3 Bc6 14. Qf4 f5 15. e5 d5 16. Qh4 Qd7 17. Rad1 d4 18. Ne2 Bxf3 19. gxf3 Nc6 20. f4 bxc4 21. bxc4 h6 22. h3 Kh7 23. Kh2 Rg8 24. Rg1 Rg7 25.
Rb1 Rag8 26. Rg3 g5 27. fxg5 Rxg5 28. Rxg5 Rxg5 29. f4 Rg6 30. Rg1 Rxg1 31. Kxg1 Qg7+ 32.
Ng3 Nb4 33. Kf1 Nxd3 34. Nh5 Qg6 35. Qe7+ Kg8 36. Nf6+ Kh8 37. Qf8+ 1-0

[Event "*** Titled Tuesday Blitz"]
[Site "Chess.com"]
[Date "2020.11.24"]
[Round "6"]
[White "PawnEatingZombie"]
[Black "TurboSteen"]
[Result "1-0"]
[WhiteElo "2259"]
[BlackElo "1977"]
[TimeControl "180+1"]
[EndTime "11:22:16 PST"]
[Termination "PawnEatingZombie won on time"]

1. d4 Nf6 2. c4 g6 3. Nc3 d5 4. cxd5 Nxd5 5. e4 Nxc3 6. bxc3 Bg7 7. Bg5 c5 8. Rc1 O-O 9. d5 Qd6 10. Nf3 Nd7 11. Be2 e6 12. O-O exd5 13. exd5 Nf6 14.
c4 Bf5 15. Bd3 Ne4 16. Bh4 Rfe8 17. Qc2 Qd7 18. Rfe1 Nc3 19. Bxf5 Qxf5 20. Qxf5 gxf5 21. Kf1 Nxa2 22. Rb1 Nb4 23. Bg3 a5 24. Bd6 b6 25.
Nh4 a4 26. Nxf5 a3 27. Nxg7 Kxg7 28. Rxe8 Rxe8 29. Bc7 a2 30. Ra1 Ra8 31. d6 Nc2 32. Rxa2 1-0

[Event "*** Titled Tuesday Blitz"]
[Site "Chess.com"]
[Date "2020.11.24"]
[Round "6"]
[White "hawes33"]
[Black "amatatanav"]
[Result "1-0"]
[WhiteElo "2241"]
[BlackElo "2391"]
[TimeControl "180+1"]
[EndTime "11:22:17 PST"]
[Termination "hawes33 won on time"]

1. e4 c5 2. Nc3 Nc6 3. g3 g6 4.
Bg2 Bg7 5. d3 e6 6. Be3 d6 7. Qd2 Rb8 8. h4 h5 9. Nh3 b5 10. O-O b4 11. Nd1 Nd4 12. c3 bxc3 13. bxc3 Nc6 14. f4 Qc7 15. d4 cxd4 16. cxd4 Nf6 17.
Rc1 d5 18. f5 Rb6 19. Bf4 Qd8 20. fxg6 fxg6 21. Bg5 dxe4 22. Kh2 O-O 23. Bxe4 Ng4+ 24. Kg2 Qxd4 25. Rxf8+ Bxf8 26. Bxc6 Qxd2+ 27. Bxd2 Rxc6 28. Nf4 Bb7 29. Rxc6 Bxc6+ 30. Kf1 Kf7 31. Ne3 e5 32.
Nxg4 exf4 33. Ne5+ Ke6 34. Nxc6 fxg3 35. Kg2 Bc5 36.
Nb4 Kf5 37. Nd3 Bd6 38. Ne1 Kg4 39. Bg5 a6 40. Nd3 a5 41. a4 1-0

[Event "*** Titled Tuesday Blitz"]
[Site "Chess.com"]
[Date "2020.11.24"]
[Round "6"]
[White "Eliwood44"]
[Black "vaishali2001"]
[Result "1-0"]
[WhiteElo "2482"]
[BlackElo "2580"]
[TimeControl "180+1"]
[EndTime "11:22:18 PST"]
[Termination "Eliwood44 won on time"]

1. Nf3 Nf6 2. e3 b6 3. d4 Bb7 4. Bd3 e6 5. O-O c5 6. c4 Be7 7. Nc3 cxd4 8. exd4 d5 9. cxd5 Nxd5 10. Ne5 O-O 11. Qh5 g6 12. Qh3 Bf6 13. Ne4 Bg7 14.
Bg5 Qc7 15. Rac1 Nc6 16. Nxc6 Bxc6 17. Bb5 Bxb5 18. Rxc7 Nxc7 19. Nf6+ Bxf6 20. Bxf6 Nd5 21.
Be5 Bxf1 22. Kxf1 Rac8 23. g3 Rc2 24. b3 Rxa2 25. Qg4 a5 26. h4 Rc8 27. Qg5 b5 28. h5 a4 29. bxa4 bxa4 30. Qh6 f6 31. hxg6 hxg6 32. Qxg6+ Kf8 33. Bd6+ 1-0

[Event "*** Titled Tuesday Blitz"]
[Site "Chess.com"]
[Date "2020.11.24"]
[Round "6"]
[White "profofchess"]
[Black "rugbyclub"]
[Result "1-0"]
[WhiteElo "2390"]
[BlackElo "2180"]
[TimeControl "180+1"]
[EndTime "11:22:18 PST"]
[Termination "profofchess won by checkmate"]

1. e4 e6 2. d4 d5 3. Nc3 Bb4 4. e5 Ne7 5. Bd2 Ng6 6. a3 Bf8 7. Nce2 c5 8. c3 Nc6 9. Nf3 Be7 10. b4 cxd4 11. cxd4 f6 12. b5 Na5 13. h4 Nc4 14. h5 Nxd2 15. Qxd2 Nf8 16. h6 g6 17. Nf4 Bd7 18. Bd3 Qb6 19. O-O g5 20. exf6 Bxf6 21. Nh5 Be7 22. Ng7+ Kd8 23. Ne5 Be8 24. Rfc1 Qxd4 25. Nxe8 Qxe5 26. Ng7 Bf6 27. Qa5+ b6 28. Qa6 Bxg7 29. Qb7 Qb8 30. Qxg7 Qd6 31. Qxh8 Rc8 32. Rxc8+ Kxc8 33. Rc1+ Kb7 34. Qg7+ Nd7 35. Rc6 Qxa3 36. Qxd7+ Ka8 37. Rc8# 1-0

[Event "*** Titled Tuesday Blitz"]
[Site "Chess.com"]
[Date "2020.11.24"]
[Round "6"]
[White "ArjunErigaisi2003"]
[Black "MrChampion_Coach"]
[Result "1-0"]
[WhiteElo "2921"]
[BlackElo "2517"]
[TimeControl "180+1"]
[EndTime "11:22:19 PST"]
[Termination "ArjunErigaisi2003 won by checkmate"]

1. d4 Nf6 2. Bf4 e6 3. e3 d5 4. Nd2 Bd6 5. Bg3 c5 6. Ngf3 Qc7 7. dxc5 Qxc5 8. Bd3 Nbd7 9. Qe2 a6 10. O-O-O Bxg3 11. hxg3 Qa5 12. Kb1 Nc5 13. e4 Nxd3 14. Qxd3 Bd7 15. e5 Bb5 16. Qd4 Nd7 17. c4 Bc6 18. Qf4 Qc7 19. cxd5 Bxd5 20. Rc1 Qd8 21. Ne4 Bxe4+ 22.
Qxe4 Qb6 23. Rxh7 Rxh7 24. Qxh7 Qxf2 25. Qxg7 Qxg2 26. Ng5 Qf2 27. g4 Ke7 28. a3 Qf4 29.
Rc7 Rd8 30. Ka2 a5 31. Nh7 Rf8 32. Qxf8# 1-0

[Event "*** Titled Tuesday Blitz"]
[Site "Chess.com"]
[Date "2020.11.24"]
[Round "6"]
[White "frequentblunders"]
[Black "ajedrezhoy"]
[Result "0-1"]
[WhiteElo "2036"]
[BlackElo "2213"]
[TimeControl "180+1"]
[EndTime "11:22:19 PST"]
[Termination "ajedrezhoy won by resignation"]

1. e4 Nf6 2. Nf3 Nxe4 3. d4 d5 4. c4 c6 5. Nc3 Nxc3 6. bxc3 e6 7.
cxd5 exd5 8. Bd3 Be7 9. O-O O-O 10. Re1 Nd7 11. Ne5 Nxe5 12. dxe5 Re8 13. f4 Bc5+ 14. Be3 Bxe3+ 15. Rxe3 Qb6 16. Qe2 f5 17. Kh1 Be6 18. Rb1 Qc7 19. Qh5 g6 20. Rg3 Qg7 21. Qg5 Rad8 22. Qh4 d4 23. c4 b6 24. h3 c5 25.
Qg5 Rd7 26. h4 Kh8 27. h5 gxh5 28. Qh4 Qf7 29. Rg5 Rg8 30. Rxh5 Rg4 31. Qh2 Qg6 32. Rf1 Rg7 33. Rf2 Rg3 34. Be2 d3 35. Bd1 Bxc4 36.
Rh6 Qf7 37. Rf3 Rxg2 38. Qxg2 Rxg2 39. Kxg2 Qg7+ 0-1

[Event "*** Titled Tuesday Blitz"]
[Site "Chess.com"]
[Date "2020.11.24"]
[Round "6"]
[White "seorobert1971"]
[Black "Salem-AR"]
[Result "0-1"]
[WhiteElo "2707"]
[BlackElo "2907"]
[TimeControl "180+1"]
[EndTime "11:22:20 PST"]
[Termination "Salem-AR won by resignation"]

1. e4 c5 2. Nf3 d6 3. d4 cxd4 4. Nxd4 Nf6 5. Nc3 Nc6 6. h3 Bd7 7. Bg5 e6 8. Qd2 a6 9. a3 Be7 10. Be3 b5 11. g4 h6 12. Rg1 Nxd4 13. Bxd4 Bc6 14. Bd3 e5 15. Be3 d5 16. exd5 Bxd5 17. Nxd5 Qxd5 18. Be2 Qc6 19. h4 Rd8 20. Qc1 Nd5 21.
g5 hxg5 22. hxg5 Rh3 23. Bd2 Bc5 24. c4 Bxf2+ 25. Kxf2 Rh2+ 26. Kf1 Qc5 27. Qe1 Ne3+ 28. Bxe3 Qxe3 29. Rg3 Rh1+ 30. Kg2 Qe4+ 31. Bf3 Qxe1 32. Rxe1 Rxe1 33. cxb5 Rd2+ 34. Kh3 axb5 35. Bc6+ Ke7 36. Rb3 Rb1 37. Rxb5 Rbxb2 38. Rxe5+ Kd6 39. Rf5 Kxc6 40. Rxf7 Rh2+ 41. Kg3 Rbg2+ 42. Kf3 Rf2+ 0-1

[Event "*** Titled Tuesday Blitz"]
[Site "Chess.com"]
[Date "2020.11.24"]
[Round "6"]
[White "RamyresCoelho"]
[Black "annamaja"]
[Result "0-1"]
[WhiteElo "2087"]
[BlackElo "2297"]
[TimeControl "180+1"]
[EndTime "11:22:20 PST"]
[Termination "annamaja won on time"]

1. e4 e6 2. d4 d5 3. Nc3 Nf6 4. e5 Nfd7 5. f4 c5 6. Nf3 Nc6 7. Be3 Be7 8. Be2 O-O 9. O-O f6 10. exf6 Rxf6 11. dxc5 Bxc5 12. Bxc5 Nxc5 13. Nd4 Bd7 14.
Kh1 Nxd4 15. Qxd4 Qc7 16. Rad1 Raf8 17. b4 Na4 18. Nxa4 Bxa4 19. Bd3 a6 20. f5 Qd6 21.
fxe6 Qxe6 22. Rxf6 Rxf6 23. Qh4 g6 24. Re1 Qf7 25. h3 Kg7 26. g4 d4 27. g5 Bc6+ 28. Kg1 Rf4 29. Qh6+ Kg8 30. h4 Rg4+ 31. Kh2 Qf2+ 0-1

[Event "*** Titled Tuesday Blitz"]
[Site "Chess.com"]
[Date "2020.11.24"]
[Round "6"]
[White "GigaQuparadze"]
[Black "suyu28"]
[Result "1-0"]
[WhiteElo "2848"]
[BlackElo "2624"]
[TimeControl "180+1"]
[EndTime "11:22:22 PST"]
[Termination "GigaQuparadze won on time"]

1. e4 c6 2. d4 d5 3. Nc3 dxe4 4. Nxe4 Nf6 5. Nxf6+ exf6 6. c3 Bd6 7. Bd3 O-O 8. Qc2 Re8+ 9. Ne2 h5 10. O-O Nd7 11. Ng3 Bxg3 12. hxg3 Nf8 13. Be3 Be6 14. c4 a6 15.
Rad1 b5 16. b3 bxc4 17. bxc4 Qa5 18. Bd2 Qa3 19. Bc1 Qa5 20. Be4 Bxc4 21. Qxc4 Rxe4 22.
Qxc6 Ree8 23. Qc2 Ng6 24. d5 Rad8 25. d6 h4 26. gxh4 Nxh4 27. Qc4 Qh5 28. d7 Re5 29. Rd4 Nf5 30. Rd3 Qe2 31. Bb2 Qxb2 32. Qc7 Qb8 33. Qxb8 Rxb8 34. d8=Q+ Rxd8 35. Rxd8+ Kh7 36. Rfd1 Ra5 37.
R1d5 Rxd5 38. Rxd5 Kg6 39. Ra5 Nd4 40. Rxa6 Kf5 41. a4 g5 42. a5 Ke5 43. Rb6 Ne2+ 44. Kf1 1-0

[Event "*** Titled Tuesday Blitz"]
[Site "Chess.com"]
[Date "2020.11.24"]
[Round "6"]
[White "Matols"]
[Black "Fusikk"]
[Result "0-1"]
[WhiteElo "2235"]
[BlackElo "2496"]
[TimeControl "180+1"]
[EndTime "11:22:22 PST"]
[Termination "Fusikk won by resignation"]

1. d4 Nf6 2. c4 e6 3. g3 Bb4+ 4. Bd2 a5 5. Bg2 Qe7 6. e4 d6 7.
Ne2 e5 8. d5 O-O 9. O-O Bxd2 10. Qxd2 Nbd7 11. Nbc3 Nc5 12. b3 Bd7 13. Rae1 g6 14.
Nc1 Nh5 15. Nd3 Nxd3 16. Qxd3 b6 17. f4 exf4 18. gxf4 Qh4 19. f5 Rae8 20. Qf3 f6 21. Ne2 gxf5 22. exf5 Re5 23. Ng3 Nxg3 24. hxg3 Qd4+ 25.
Kh2 Bxf5 26. Rxe5 fxe5 27. Bh3 Qd2+ 28. Rf2 Qh6 29. g4 Bb1 30. Qg2 Rxf2 31. Qxf2 Qf4+ 32. Qxf4 exf4 33. g5 Bxa2 34. Be6+ Kg7 35. Kg2 Bxb3 36.
Kf3 Bxc4 37. Kxf4 a4 38. Ke4 a3 39. Kd4 a2 0-1

[Event "*** Titled Tuesday Blitz"]
[Site "Chess.com"]
[Date "2020.11.24"]
[Round "6"]
[White "JustKid"]
[Black "Leonid_Starozhilov"]
[Result "0-1"]
[WhiteElo "2498"]
[BlackElo "2663"]
[TimeControl "180+1"]
[EndTime "11:22:23 PST"]
[Termination "Leonid_Starozhilov won by resignation"]

1. d4 Nf6 2. Bf4 d5 3. e3 Bg4 4. Nf3 e6 5. Be2 Nbd7 6. O-O Bxf3 7. Bxf3 c6 8. Nd2 Be7 9. e4 dxe4 10. Nxe4 O-O 11.
Re1 Nxe4 12. Bxe4 Nf6 13. Bd3 Qb6 14. Qd2 Rfd8 15. c3 c5 16. dxc5 Bxc5 17. Red1 Ne4 18. Qc2 Nxf2 19. Bxh7+ Kh8 20. Rxd8+ Rxd8 21. Kf1 g6 22. b4 Qb5+ 23. Kg1 Nd3+ 24. bxc5 Qxc5+ 25. Kh1 Nxf4 26. Rf1 e5 27. Bxg6 fxg6 28. Qe4 Qd5 29. Qc2 Qd3 30. Qf2 Kg7 31. Re1 Qd2 32. Qg3 Qc2 33. h3 Rd1 34. Kh2 Rxe1 35. Qg5 Qxg2+ 0-1

[Event "*** Titled Tuesday Blitz"]
[Site "Chess.com"]
[Date "2020.11.24"]
[Round "6"]
[White "IANOV0007"]
[Black "sergeikim"]
[Result "1-0"]
[WhiteElo "2420"]
[BlackElo "2524"]
[TimeControl "180+1"]
[EndTime "11:22:23 PST"]
[Termination "IANOV0007 won on time"]

1. Nf3 Nf6 2. g3 g6 3. b3 Bg7 4. Bb2 O-O 5. Bg2 d6 6. d4 e5 7. dxe5 Nfd7 8. c4 dxe5 9. Qc1 Nc6 10. Nc3 f5 11. Nd5 a5 12. O-O Nc5 13. Rd1 Bd7 14. Qe3 Ne4 15. Nd2 Nd6 16. Qc5 Rc8 17. e4 Nd4 18. Bxd4 exd4 19. exf5 Bxf5 20. Qxa5 b6 21. Qb4 Re8 22. Nf3 Bg4 23. h3 Bxf3 24.
Bxf3 Qd7 25. Bg2 Kh8 26. a4 Re2 27. Bf3 Re5 28. Bg4 Nf5 29. Qd2 Rce8 30. Qd3 Qd6 31. a5 bxa5 32. Rxa5 c6 33. Ra6 1-0

[Event "*** Titled Tuesday Blitz"]
[Site "Chess.com"]
[Date "2020.11.24"]
[Round "6"]
[White "dopolian"]
[Black "PIwan"]
[Result "1-0"]
[WhiteElo "2431"]
[BlackElo "2544"]
[TimeControl "180+1"]
[EndTime "11:22:24 PST"]
[Termination "dopolian won by checkmate"]

1. Nf3 d5 2. c4 dxc4 3. Na3 Nf6 4. Nxc4 g6 5. d4 Bg7 6. Bf4 O-O 7. e3 b5 8. Nce5 c5 9. dxc5 Nd5 10. Be2 Nxf4 11. exf4 Qc7 12. Rc1 Rd8 13. Qb3 Qa5+ 14. Qc3 b4 15.
Qb3 Be6 16. Bc4 Qxc5 17. O-O Bxc4 18. Rxc4 Qd5 19. Rxb4 Na6 20. Qxd5 Rxd5 21. Rb7 Bf8 22. Nc6 Nc5 23. Rxa7 Rxa7 24. Nxa7 Nd3 25. Rd1 Rc5 26.
Rb1 Nxb2 27. g3 Nd3 28. Rb8 Rc1+ 29. Kg2 Rc2 30. Ng5 Rxf2+ 31. Kh3 Rxa2 32. Nc6 Nf2+ 33.
Kh4 Kg7 34. Ne5 f6 35. Ne6+ Kh6 36. Nf7# 1-0

[Event "*** Titled Tuesday Blitz"]
[Site "Chess.com"]
[Date "2020.11.24"]
[Round "6"]
[White "anon102030"]
[Black "davidkalashian"]
[Result "1-0"]
[WhiteElo "2719"]
[BlackElo "2552"]
[TimeControl "180+1"]
[EndTime "11:22:27 PST"]
[Termination "anon102030 won on time"]

1. e4 c5 2. Nc3 d6 3. g3 g6 4. Bg2 Bg7 5. d3 Nc6 6. Be3 Nf6 7. h3 O-O 8. Nf3 Rb8 9. d4 cxd4 10. Nxd4 Bd7 11.
O-O a6 12. f4 Rc8 13. Nce2 Na5 14. b3 e5 15. Nf3 Nxe4 16. Rc1 b5 17. Ne1 Bc6 18. f5 d5 19. c3 Nb7 20. Nd3 d4 21. cxd4 exd4 22. Bf4 Re8 23. Nb4 Qb6 24. Kh2 g5 25.
Bd2 Nxd2 26. Qxd2 Bxg2 27. Kxg2 Rxc1 28. Nxc1 h6 29. Nbd3 Nc5 30. Qf2 Nxd3 31. Nxd3 Re3 32. Nc1 Qc6+ 33. Kg1 Qe4 34. f6 1-0

[Event "*** Titled Tuesday Blitz"]
[Site "Chess.com"]
[Date "2020.11.24"]
[Round "6"]
[White "JulAnt"]
[Black "VladimirBugayev"]
[Result "1-0"]
[WhiteElo "2448"]
[BlackElo "2311"]
[TimeControl "180+1"]
[EndTime "11:22:27 PST"]
[Termination "JulAnt won by resignation"]

1. e4 c6 2. d4 d5 3. Nc3 dxe4 4.
Nxe4 Nf6 5. Nxf6+ exf6 6. c3 Bd6 7. Bd3 O-O 8. Qc2 h5 9. Ne2 Re8 10. O-O Qc7 11. g3 h4 12. Nf4 Nd7 13. Qd1 Nf8 14. Qh5 hxg3 15. hxg3 f5 16. Kg2 g6 17. Qh6 f6 18. Nxg6 Qg7 19. Qxg7+ Kxg7 20. Nf4 Ng6 21. Nxg6 Kxg6 22. Bd2 Bd7 23. Rae1 Be6 24. b3 Bd5+ 25. f3 a5 26. g4 a4 27. Bxf5+ Kf7 28. c4 Be6 29. Bxe6+ Rxe6 30. Rxe6 Kxe6 31. b4 b5 32. Re1+ Kf7 33. c5 Bc7 34. Re4 Rh8 35. f4 Rh4 36.
Kg3 Rh1 37. Re1 Rh8 38. Re2 Rh1 39. Rh2 Rg1+ 40. Kf3 Kg7 41. Re2 Kf7 42. g5 fxg5 43. fxg5 Rg3+ 44. Ke4 Ra3 45. Bf4 Bd8 46. Kf5 Rd3 47.
g6+ Kf8 48. Bd6+ Kg7 49. Be5+ Kg8 50. Rh2 Rf3+ 51. Ke6 Bf6 52. Bxf6 Re3+ 53. Be5 Rh3 54. Rxh3 1-0

[Event "*** Titled Tuesday Blitz"]
[Site "Chess.com"]
[Date "2020.11.24"]
[Round "6"]
[White "GoltsevDmitry2000"]
[Black "RTFrancisco"]
[Result "0-1"]
[WhiteElo "2647"]
[BlackElo "2532"]
[TimeControl "180+1"]
[EndTime "11:22:28 PST"]
[Termination "RTFrancisco won by checkmate"]

1. e4 c5 2. Nf3 Nc6 3. Bc4 g6 4. c3 Bg7 5. O-O e6 6. d4 cxd4 7. cxd4 d5 8. exd5 exd5 9. Bb3 Nge7 10. Nc3 O-O 11. Bg5 h6 12. Be3 Be6 13. Qd2 Kh7 14.
Rfe1 Na5 15. Bc2 Nc4 16. Qc1 Rc8 17. Bf4 Bf5 18. Bb3 Na5 19. Ba4 a6 20. Qe3 Nec6 21. h3 b5 22. Bb3 Nxb3 23. axb3 Nb4 24. Qe7 Nc2 25. Rxa6 Nxe1 26. Qxe1 Re8 27. Qd2 b4 28. Nb5 Rc2 29. Qxb4 Ree2 30. Be3 Be4 31. Ne5 Rxe3 32.
fxe3 Qg5 33. Ng4 Rxg2+ 34. Kf1 Qf5+ 35. Ke1 Qf3 36. Qd2 Rg1# 0-1

[Event "*** Titled Tuesday Blitz"]
[Site "Chess.com"]
[Date "2020.11.24"]
[Round "6"]
[White "Arkady_Gitelson"]
[Black "crazy_but_lazy"]
[Result "0-1"]
[WhiteElo "2589"]
[BlackElo "2453"]
[TimeControl "180+1"]
[EndTime "11:22:28 PST"]
[Termination "crazy_but_lazy won by resignation"]

1. Nf3 Nf6 2. g3 d5 3. Bg2 c6 4. O-O Bg4 5. d4 Nbd7 6. Nbd2 e6 7. Re1 Be7 8. e4 dxe4 9. Nxe4 Nxe4 10. Rxe4 Nf6 11. Re1 O-O 12. c3 a5 13. Qb3 Qd5 14. Ne5 Qxb3 15. axb3 Bf5 16. Nc4 Bc2 17. Bf4 a4 18. bxa4 Rxa4 19. Rxa4 Bxa4 20. Ra1 Bb5 21. Nd6 Bxd6 22. Bxd6 Rd8 23. Ra7 Ba6 24. Bxc6 Nd5 25. Bxb7 Bd3 26. Ra8 Rxa8 27. Bxa8 g5 28. f3 f5 29. Kf2 Kf7 30. Ke1 h5 31. Kd2 Bf1 32. b3 g4 33. f4 h4 34. c4 Nb6 35. Bc6 Bxc4 36. Bc5 Bd5 37. Bxd5 Nxd5 38. b4 h3 39. Bd6 Ke8 40. b5 Kd7 41. Be5 Kc8 42.
Kd3 Kb7 43. Kc4 Ne3+ 44. Kc5 Nf1 45. d5 exd5 46. Bd4 Nxh2 47. Kxd5 Nf3 0-1

[Event "*** Titled Tuesday Blitz"]
[Site "Chess.com"]
[Date "2020.11.24"]
[Round "6"]
[White "AldokhinIvan"]
[Black "MokshanovAlexey"]
[Result "0-1"]
[WhiteElo "2486"]
[BlackElo "2621"]
[TimeControl "180+1"]
[EndTime "11:22:30 PST"]
[Termination "MokshanovAlexey won by checkmate"]

1. d4 d5 2. Nf3 Nf6 3. c4 e6 4. Nc3 c6 5. Bg5 dxc4 6. a4 Bb4 7. e4 Qa5 8. Bd2 c5 9. Bxc4 O-O 10. O-O Nc6 11. d5 exd5 12. exd5 Nd4 13. h3 Bf5 14. Rc1 Rfe8 15. Be3 Nxf3+ 16. Qxf3 Be4 17. Nxe4 Nxe4 18. Bb5 Re7 19. Rc4 Nd6 20. Rg4 f5 21. Rg3 Nxb5 22. axb5 Qxb5 23. d6 Re6 24. Qd5 Qd7 25. Bf4 Kf8 26.
Be5 g6 27. f4 c4 28. h4 Bxd6 29. Kh2 Qe7 30. Rd1 Bxe5 31. fxe5 Qxh4+ 32. Rh3 Qe7 33. Kh1 Rxe5 34. Qxc4 Re1+ 35. Rxe1 Qxe1+ 36. Kh2 Qe5+ 37. Kh1 Rd8 38. Rxh7 Rd1+ 39. Qf1 Rxf1# 0-1

[Event "*** Titled Tuesday Blitz"]
[Site "Chess.com"]
[Date "2020.11.24"]
[Round "6"]
[White "MIJuanReyesRosa"]
[Black "barriochess"]
[Result "0-1"]
[WhiteElo "2079"]
[BlackElo "2371"]
[TimeControl "180+1"]
[EndTime "11:22:30 PST"]
[Termination "barriochess won by checkmate"]

1. d4 Nf6 2. Nf3 g6 3. c4 Bg7 4. Nc3 d5 5. Bf4 O-O 6. Rc1 c5 7. dxc5 Qa5 8. cxd5 Ne4 9. Be5 Nd7 10. Bxg7 Kxg7 11. Qd4+ Ndf6 12. e3 Qxc5 13. Qxc5 Nxc5 14. Bc4 Bf5 15. Nd4 Bd3 16. b4 Bxc4 17. bxc5 Nxd5 18. Nxd5 Bxd5 19. O-O Bxa2 20. c6 bxc6 21. Nxc6 e6 22.
Ra1 Bd5 23. Nxa7 Rfb8 24. Rfc1 h5 25. f3 f5 26. Kf2 Kf6 27. Kg3 g5 28. h4 gxh4+ 29.
Kxh4 Rg8 30. g4 Bxf3 31. g5+ Rxg5 32. Nb5 Rg4+ 33. Kh3 Rag8 34. Nc7 Rg3+ 35. Kh2 Rg2+ 36.
Kh3 R8g3+ 37. Kh4 Rg4+ 38. Kh3 h4 39. Ne8+ Kg5 40. Ra7 R4g3# 0-1

[Event "*** Titled Tuesday Blitz"]
[Site "Chess.com"]
[Date "2020.11.24"]
[Round "6"]
[White "Aureliano-Buendia"]
[Black "queen_iryna"]
[Result "1-0"]
[WhiteElo "2489"]
[BlackElo "2259"]
[TimeControl "180+1"]
[EndTime "11:22:34 PST"]
[Termination "Aureliano-Buendia won on time"]

1. Nf3 d6 2. d4 g6 3. c4 Bg7 4.
Nc3 Nc6 5. e4 e5 6. d5 Nce7 7.
Be2 f5 8. O-O Nf6 9. Nd2 O-O 10.
b4 f4 11. c5 g5 12. h3 Ng6 13.
Nc4 Rf7 14. a4 Bf8 15. Ba3 Nh4 16. Rc1 h5 17. g3 f3 18. Bd3 Bxh3 19. gxh4 gxh4 20.
Qxf3 Bxf1 21. Bxf1 Ng4 22. Qh3 Qg5 23. Bg2 Nxf2 24.
Qe3 Qg6 25. Rf1 Ng4 26. Qh3 Rxf1+ 27. Kxf1 Be7 28. Ke2 Rf8 29. Nd1 Qf7 30. Nce3 Nxe3 31.
Qxe3 Qg6 32. Bh3 1-0